AAA
DES PLAINES GOLDEN HEROES @ FLUSHING CHIEFS
08/09/2059
 
TOP OF THE 1ST
Des Plaines Golden Heroes batting - Pitching for Flushing Chiefs : LHP Drake Moore
Pitching: LHP Drake Moore
Batting: RHB Donovan Butler 0-0: Ball
1-0: Called Strike
1-1: Ball
2-1: Ground out 6-3 (Groundball, 6, EV 105.0 MPH)
Batting: RHB Jarryd Giles 0-0: Called Strike
0-1: Foul Ball, location: 2F
0-2: Ball
1-2: Foul Ball, location: 2F
1-2: Foul Ball, location: 2F
1-2: Strikes out swinging
Batting: RHB Nathan Baldwin 0-0: Called Strike
0-1: Called Strike
0-2: Ground out 1-3 (Groundball, 34S, EV 65.6 MPH)
Top of the 1st over - 0 runs, 0 hits, 0 errors, 0 left on base; Des Plaines 0 - Flushing 0
BOTTOM OF THE 1ST
Flushing Chiefs batting - Pitching for Des Plaines Golden Heroes : LHP Carter Bell
Pitching: LHP Carter Bell
Batting: LHB Johnathan Baird 0-0: Ball
1-0: Ball
2-0: Called Strike
2-1: Ball
3-1: Foul Ball, location: 2F
3-2: Ground out 3-1 (Groundball, 13, EV 86.2 MPH)
Batting: RHB Venric Udaka 0-0: Foul Ball, location: 2F
0-1: Foul Ball, location: 2F
0-2: Foul Ball, location: 2F
0-2: SINGLE (Groundball, 56S, EV 65.0 MPH) (infield hit)
Batting: RHB Adrien Mondragon 0-0: SINGLE (Flyball, 3D, EV 92.5 MPH)
Venric Udaka to second
Batting: RHB Isaac Bonner 0-0: Called Strike
Venric Udaka steals 3rd base
Adrien Mondragon to second
0-1: Ball
1-1: Swinging Strike
1-2: Strikes out swinging
Batting: RHB Orrin Perkins 0-0: Called Strike
0-1: Ball
1-1: Ball
2-1: Foul Ball, location: 2F
2-2: Ball
3-2: Base on Balls
Batting: LHB Marco Husted 0-0: Called Strike
0-1: TRIPLE (Line Drive, 7D, EV 104.4 MPH)
Venric Udaka scores
Adrien Mondragon scores
Orrin Perkins scores
Batting: RHB Stanton Wamugunda 0-0: Ball
1-0: Called Strike
1-1: Ball
Steal of home, Marco Husted is safe
2-1: Ball
3-1: Swinging Strike
3-2: Base on Balls
Batting: RHB Edward Clinton 0-0: Foul Ball, location: 2F
0-1: Foul Ball, location: 2F
0-2: Strikes out swinging
Bottom of the 1st over - 4 runs, 3 hits, 0 errors, 1 left on base; Des Plaines 0 - Flushing 4
TOP OF THE 2ND
Des Plaines Golden Heroes batting - Pitching for Flushing Chiefs : LHP Drake Moore
Batting: LHB Preston Haertel 0-0: Called Strike
0-1: Ball
1-1: Ball
2-1: Ball
3-1: Ground out U3 (Groundball, 3L, EV 86.2 MPH)
Batting: RHB Jamie Kear 0-0: Called Strike
0-1: Foul Ball, location: 2F
0-2: Strikes out swinging, 2-3 out at first.
Batting: RHB Lavan Lehtera 0-0: Ball
1-0: Called Strike
1-1: Swinging Strike
1-2: Ball
2-2: Foul Ball, location: 2F
2-2: Ball
3-2: Strikes out swinging
Top of the 2nd over - 0 runs, 0 hits, 0 errors, 0 left on base; Des Plaines 0 - Flushing 4
BOTTOM OF THE 2ND
Flushing Chiefs batting - Pitching for Des Plaines Golden Heroes : LHP Carter Bell
Batting: RHB Derick Murphy 0-0: Ball
1-0: Ball
2-0: Ground out U3 (Groundball, 34S, EV 82.5 MPH)
Batting: LHB Johnathan Baird 0-0: Called Strike
0-1: Foul Ball, location: 2F
0-2: Foul Ball, location: 2F
0-2: Ball
1-2: Foul Ball, location: 2F
1-2: Foul Ball, location: 2F
1-2: Ball
2-2: Foul Ball, location: 2F
2-2: Foul Ball, location: 2F
2-2: Ball
3-2: Foul Ball, location: 2F
3-2: SINGLE (Groundball, 4MD, EV 97.5 MPH)
Batting: RHB Venric Udaka 0-0: Ball
Johnathan Baird steals 2nd base (no throw)
1-0: Ball
2-0: Ball
Wild Pitch!
Johnathan Baird to third
3-0: Base on Balls
Batting: RHB Adrien Mondragon 0-0: Called Strike
0-1: Ball
1-1: Called Strike
1-2: Foul Ball, location: 2F
1-2: Ball
2-2: Ball
3-2: Fly out, F9 (Flyball, 9S, EV 91.9 MPH)
Batting: RHB Isaac Bonner 0-0: Fielders Choice at 2nd, 6-4 (Groundball, 6, EV 81.9 MPH)
Bottom of the 2nd over - 0 runs, 1 hit, 0 errors, 2 left on base; Des Plaines 0 - Flushing 4
TOP OF THE 3RD
Des Plaines Golden Heroes batting - Pitching for Flushing Chiefs : LHP Drake Moore
Batting: LHB Jedediah Hernandez 0-0: Called Strike
0-1: Called Strike
0-2: Ball
1-2: Ball
2-2: Foul Ball, location: 2F
2-2: Foul Ball, location: 2F
2-2: Ball
3-2: SINGLE (Flyball, 89S, EV 91.2 MPH)
Batting: RHB Tristin Curtis 0-0: Swinging Strike
0-1: Ball
1-1: Foul Ball, location: 2F
1-2: SINGLE (Groundball, 4MD, EV 103.8 MPH)
Jedediah Hernandez to second
Batting: RHB Jesse Dissen 0-0: Ball
1-0: Fielders Choice at 2nd, 6-4 (Groundball, 6, EV 101.2 MPH)
Jedediah Hernandez to third
Batting: RHB Donovan Butler 0-0: Called Strike
0-1: Ball
1-1: Foul Ball, location: 2F
1-2: Ball
2-2: Foul Ball, location: 2F
2-2: Ball
3-2: Strikes out looking
Batting: RHB Jarryd Giles 0-0: Ball
1-0: Ground out 5-3 (Groundball, 56, EV 105.6 MPH)
Top of the 3rd over - 0 runs, 2 hits, 0 errors, 2 left on base; Des Plaines 0 - Flushing 4
BOTTOM OF THE 3RD
Flushing Chiefs batting - Pitching for Des Plaines Golden Heroes : LHP Carter Bell
Batting: RHB Orrin Perkins 0-0: Ball
1-0: Called Strike
1-1: Called Strike
1-2: Fly out, F9 (Flyball, 9, EV 97.5 MPH)
Batting: LHB Marco Husted 0-0: Ground out 3-1 (Groundball, 34S, EV 83.8 MPH)
Batting: RHB Stanton Wamugunda 0-0: SINGLE (Line Drive, 89S, EV 99.4 MPH)
Batting: RHB Edward Clinton 0-0: Ball
1-0: Swinging Strike
1-1: Ball
2-1: Foul Ball, location: 2F
2-2: Ball
3-2: Foul Ball, location: 2F
3-2: Strikes out swinging
Bottom of the 3rd over - 0 runs, 1 hit, 0 errors, 1 left on base; Des Plaines 0 - Flushing 4
TOP OF THE 4TH
Des Plaines Golden Heroes batting - Pitching for Flushing Chiefs : LHP Drake Moore
Batting: RHB Nathan Baldwin 0-0: Foul Ball, location: 2F
0-1: Swinging Strike
0-2: Strikes out swinging
Batting: LHB Preston Haertel 0-0: DOUBLE (Line Drive, 9LS, EV 107.5 MPH)
Batting: RHB Jamie Kear 0-0: Foul Ball, location: 2F
0-1: Called Strike
0-2: SINGLE (Groundball, 6MD, EV 104.4 MPH)
Preston Haertel to third
Runner from 3rd tries for Home, SAFE, throw by CF to home
Batting: RHB Lavan Lehtera 0-0: Ball
1-0: Fly out, F9 (Flyball, 89M, EV 86.2 MPH)
Batting: LHB Jedediah Hernandez 0-0: Ball
1-0: Ball
2-0: Called Strike
2-1: Foul Ball, location: 2F
2-2: Ball
3-2: Foul Ball, location: 2F
3-2: Base on Balls
Jamie Kear to second
Batting: RHB Tristin Curtis 0-0: Ball
1-0: Ball
2-0: Foul Ball, location: 2F
2-1: Foul Ball, location: 2F
2-2: Strikes out swinging
Top of the 4th over - 1 run, 2 hits, 0 errors, 2 left on base; Des Plaines 1 - Flushing 4
BOTTOM OF THE 4TH
Flushing Chiefs batting - Pitching for Des Plaines Golden Heroes : LHP Carter Bell
Batting: RHB Derick Murphy 0-0: Called Strike
0-1: SINGLE (Line Drive, 56, EV 104.4 MPH)
Batting: LHB Johnathan Baird 0-0: Ball
1-0: Foul Ball, location: 2F
1-1: SINGLE (Groundball, 4MD, EV 101.2 MPH)
Derick Murphy to second
Batting: RHB Venric Udaka 0-0: Foul Ball, location: 2F
0-1: Called Strike
0-2: Strikes out looking
Batting: RHB Adrien Mondragon 0-0: Called Strike
0-1: Swinging Strike
0-2: Ball
1-2: Foul Ball, location: 2F
1-2: Ball
2-2: Foul Ball, location: 2F
2-2: Ball
3-2: Fly out, F8 (Line Drive, 8RD, EV 110.0 MPH)
Batting: RHB Isaac Bonner 0-0: Ground out 3-1 (Groundball, 34, EV 91.2 MPH)
Bottom of the 4th over - 0 runs, 2 hits, 0 errors, 2 left on base; Des Plaines 1 - Flushing 4
TOP OF THE 5TH
Des Plaines Golden Heroes batting - Pitching for Flushing Chiefs : LHP Drake Moore
Batting: RHB Jesse Dissen 0-0: Ball
1-0: Swinging Strike
1-1: Ball
2-1: Ball
3-1: Foul Ball, location: 2F
3-2: Strikes out swinging
Batting: RHB Donovan Butler 0-0: SINGLE (Line Drive, 6M, EV 97.5 MPH)
Batting: RHB Jarryd Giles 0-0: Ball
1-0: Foul Ball, location: 2F
1-1: Foul Ball, location: 2F
1-2: Grounds into double play, 5-4-3 (Groundball, 56, EV 83.8 MPH)
Top of the 5th over - 0 runs, 1 hit, 0 errors, 0 left on base; Des Plaines 1 - Flushing 4
BOTTOM OF THE 5TH
Flushing Chiefs batting - Pitching for Des Plaines Golden Heroes : LHP Carter Bell
Batting: RHB Orrin Perkins 0-0: Ball
1-0: Foul Ball, location: 2F
1-1: DOUBLE (Flyball, 8RXD, EV 111.2 MPH)
Batting: LHB Marco Husted 0-0: Called Strike
0-1: Fly out, F8 (Line Drive, 89M, EV 101.9 MPH)
Batting: RHB Stanton Wamugunda 0-0: Called Strike
0-1: Ball
1-1: Called Strike
1-2: Ball
2-2: Strikes out swinging
Batting: RHB Edward Clinton 0-0: Ball
1-0: Called Strike
Balk!
Orrin Perkins to third
1-1: Foul Ball, location: 2F
1-2: Strikes out swinging
Bottom of the 5th over - 0 runs, 1 hit, 0 errors, 1 left on base; Des Plaines 1 - Flushing 4
TOP OF THE 6TH
Des Plaines Golden Heroes batting - Pitching for Flushing Chiefs : LHP Drake Moore
Batting: RHB Nathan Baldwin 0-0: Foul Ball, location: 2F
0-1: Ground out 6-3 (Groundball, 6, EV 93.1 MPH)
Batting: LHB Preston Haertel 0-0: Ball
1-0: DOUBLE (Flyball, 8RXD, EV 98.1 MPH)
Batting: RHB Jamie Kear 0-0: Ball
1-0: Ball
2-0: Ground out 6-3 (Groundball, 6, EV 83.1 MPH)
Batting: RHB Lavan Lehtera 0-0: Ball
1-0: Ball
2-0: Foul Ball, location: 2F
2-1: Called Strike
2-2: Strikes out swinging
Top of the 6th over - 0 runs, 1 hit, 0 errors, 1 left on base; Des Plaines 1 - Flushing 4
BOTTOM OF THE 6TH
Flushing Chiefs batting - Pitching for Des Plaines Golden Heroes : LHP Carter Bell
Batting: RHB Derick Murphy 0-0: Ball
1-0: Foul Ball, location: 2F
1-1: Called Strike
1-2: Ball
2-2: Fly out, F9 (Flyball, 9D, EV 103.8 MPH)
Batting: LHB Johnathan Baird 0-0: Swinging Strike
0-1: Foul Ball, location: 2F
0-2: Fly out, F9 (Flyball, 9D, EV 82.5 MPH)
Batting: RHB Venric Udaka 0-0: Ball
1-0: Called Strike
1-1: Called Strike
1-2: Strikes out swinging
Bottom of the 6th over - 0 runs, 0 hits, 0 errors, 0 left on base; Des Plaines 1 - Flushing 4
TOP OF THE 7TH
Des Plaines Golden Heroes batting - Pitching for Flushing Chiefs : LHP Drake Moore
Batting: LHB Jedediah Hernandez 0-0: Ball
1-0: Ball
2-0: Ball
3-0: Called Strike
3-1: Base on Balls
Pitching: RHP Pierria Prado
Batting: RHB Tristin Curtis 0-0: Fly out, F9 (Line Drive, 9, EV 95.6 MPH)
Batting: RHB Jesse Dissen 0-0: Ball
1-0: Ball
2-0: Called Strike
2-1: Ball
3-1: Foul Ball, location: 2F
3-2: Base on Balls
Jedediah Hernandez to second
Batting: RHB Donovan Butler 0-0: Ball
1-0: Foul Ball, location: 2F
1-1: Ball
2-1: Ball
3-1: Base on Balls
Jedediah Hernandez to third
Jesse Dissen to second
Batting: RHB Jarryd Giles 0-0: Ball
1-0: SINGLE (Line Drive, 7S, EV 93.1 MPH)
Jedediah Hernandez scores
Jesse Dissen to third
Donovan Butler to second
Runner from 3rd tries for Home, SAFE, throw by LF to home
Batting: RHB Nathan Baldwin 0-0: Ball
Donovan Butler is caught stealing 3rd base 2-5
1-0: Called Strike
1-1: Foul Ball, location: 2F
1-2: Ball
2-2: Strikes out swinging
Top of the 7th over - 2 runs, 1 hit, 0 errors, 1 left on base; Des Plaines 3 - Flushing 4
BOTTOM OF THE 7TH
Flushing Chiefs batting - Pitching for Des Plaines Golden Heroes : LHP Carter Bell
Pitching: RHP Shannon Hutchinson
Batting: RHB Adrien Mondragon 0-0: Ball
1-0: Called Strike
1-1: Foul Ball, location: 2F
1-2: Foul Ball, location: 2F
1-2: Ball
2-2: Fly out, F2 (Popup, 25F, EV 77.5 MPH)
Batting: RHB Isaac Bonner 0-0: Ball
1-0: Ball
2-0: Called Strike
2-1: Called Strike
2-2: Strikes out looking
Batting: RHB Orrin Perkins 0-0: Ball
1-0: Ball
2-0: Called Strike
2-1: Swinging Strike
2-2: Reached on error, E5 (Groundball, 56S, EV 68.8 MPH)
Batting: LHB Marco Husted 0-0: Ground out 6-3 (Groundball, 6M, EV 84.4 MPH)
Bottom of the 7th over - 0 runs, 0 hits, 1 error, 1 left on base; Des Plaines 3 - Flushing 4
TOP OF THE 8TH
Des Plaines Golden Heroes batting - Pitching for Flushing Chiefs : RHP Pierria Prado
Batting: LHB Preston Haertel 0-0: Ball
1-0: Ball
2-0: Fly out, F2 (Popup, 23F, EV 89.4 MPH)
Batting: RHB Jamie Kear 0-0: Ball
1-0: Called Strike
1-1: Ball
2-1: SINGLE (Line Drive, 56D, EV 96.9 MPH)
Pinch Hitting: SHB Lucas Dobbs 0-0: Ground out 6-3 (Groundball, 4, EV 102.5 MPH)
Jamie Kear to second
Batting: LHB Jedediah Hernandez 0-0: Ball
1-0: Called Strike
1-1: Swinging Strike
1-2: Strikes out swinging
Top of the 8th over - 0 runs, 1 hit, 0 errors, 1 left on base; Des Plaines 3 - Flushing 4
BOTTOM OF THE 8TH
Flushing Chiefs batting - Pitching for Des Plaines Golden Heroes : RHP Shannon Hutchinson
Now in RF: Harold Romeo
Batting: RHB Stanton Wamugunda 0-0: Swinging Strike
0-1: Ball
1-1: Ground out 5-3 (Groundball, 5L, EV 91.9 MPH)
Batting: RHB Edward Clinton 0-0: DOUBLE (Line Drive, 89M, EV 103.8 MPH)
Batting: RHB Derick Murphy 0-0: Called Strike
0-1: Swinging Strike
0-2: Ball
1-2: Foul Ball, location: 2F
1-2: Strikes out swinging
Pitching: RHP Darren Robinson
Batting: LHB Johnathan Baird 0-0: Ball
1-0: Foul Ball, location: 2F
1-1: Foul Ball, location: 2F
1-2: Strikes out swinging
Bottom of the 8th over - 0 runs, 1 hit, 0 errors, 1 left on base; Des Plaines 3 - Flushing 4
TOP OF THE 9TH
Des Plaines Golden Heroes batting - Pitching for Flushing Chiefs : RHP Pierria Prado
Batting: RHB Tristin Curtis 0-0: Foul Ball, location: 2F
0-1: Foul Ball, location: 2F
0-2: Ball
1-2: Ball
2-2: Strikes out swinging
Batting: RHB Jesse Dissen 0-0: Called Strike
0-1: Ball
1-1: Ground out 6-3 (Groundball, 6S, EV 82.5 MPH)
Batting: RHB Donovan Butler 0-0: Called Strike
0-1: Ball
1-1: Called Strike
1-2: Strikes out swinging
Top of the 9th over - 0 runs, 0 hits, 0 errors, 0 left on base; Des Plaines 3 - Flushing 4
Thursday, March 21st , 2024 - OOTP Baseball 23.10 Build 110